 Dungeon Crawl Stone Soup version 0.28-a0-21-gf74fda84f9 (webtiles) character file.

Game seed: 3471126059846703988

662 Spaninq the Ruffian (level 7, -7/71 HPs)
             Began as a Troll Chaos Knight on July 26, 2021.
             Was a Plaything of Xom.
             Mangled by a sixfirhy (9 damage)
             ... summoned by Xom
             ... on level 5 of the Dungeon.
             The game lasted 00:11:29 (3816 turns).

Spaninq the Ruffian (Troll Chaos Knight)            Turns: 3816, Time: 00:11:30

Health: -7/71      AC:  8    Str: 20      XL:     7   Next: 30%
Magic:  6/6        EV:  9    Int:  8      God:    Xom [......]
Gold:   297        SH:  0    Dex:  9 (10) Spells: 6/6 levels left

rFire   + . .      SeeInvis .     - Unarmed
rCold   + . .      Faith    .   (no shield)
rNeg    . . .      Spirit   .   a - +2 robe
rPois   .          Reflect  .   (helmet restricted)
rElec   .          Harm     .   q - +1 cloak
rCorr   .          Rampage  .   (gloves unavailable)
Will    .....                   (boots unavailable)
Stlth   +.........              (no amulet)
HPRegen 1.21/turn               d - ring of protection from cold
MPRegen 0.10/turn               f - ring of protection from fire

@: unable to read, hasted, very quick
A: large, unfitting armour, claws 3, regeneration 1, shaggy fur 1, tough skin 1,
weak 1, inability to read while threatened
a: Renounce Religion


You were on level 5 of the Dungeon.
You worshipped Xom.
You were a very special plaything of Xom.
You visited 2 branches of the dungeon, and saw 6 of its levels.
You also visited: Sewer.

You collected 297 gold pieces.

Inventory:

Hand Weapons
 c - a +1 hand axe of flaming
Armour
 a - a +2 robe (worn)
 q - a +1 cloak (worn)
Jewellery
 d - a ring of protection from cold (left claw)
 f - a ring of protection from fire (right claw)
Wands
 m - a wand of polymorph (13)
Scrolls
 h - a scroll of identify
 j - a scroll of fear
Potions
 b - a potion of flight
 e - a potion of curing
 k - 3 potions of might
 n - a potion of invisibility {unknown}
 o - a potion of haste


   Skills:
 + Level 4.5 Fighting
 - Level 1.9 Dodging
 * Level 7.2 Unarmed Combat


You had 6 spell levels left.
You didn't know any spells.
Your spell library contained the following spells:

 Spells                   Type           Power      Damage    Failure   Level
 Apportation              Tloc           0%         N/A       41%         1
 Shock                    Conj/Air       0%         1d3       41%         1
 Slow                     Hex            0%         N/A       54%         2
 Confusing Touch          Hex            0%         N/A       78%         3
 Dazzling Flash           Conj/Hex       0%         N/A       78%         3
 Yara's Violent Unravell  Hex/Tmut       0%         3d3       100%        5
 Orb of Destruction       Conj           0%         N/A       100%        7


Dungeon Overview and Level Annotations

Branches:
Dungeon (5/15)             Temple (1/1) D:4           Sewer (visited)

Altars:
Cheibriados
Dithmenos
Elyvilon
Fedhas
Gozag
Hepliaklqana
Kikubaaqudgha
Nemelex Xobeh
Okawaru
Qazlal
Ru
Uskayaw
Vehumet
Xom
Zin
The Shining One

Shops:
D:1 ?


Innate Abilities, Weirdness & Mutations

You are too large for most types of armour.
You have claws for hands.
Your natural rate of healing is unusually fast.
You are covered in fur. (AC +1)
You have tough skin. (AC +1)
You are weak. (Str -2)
You sometimes lose the ability to read scrolls when taking damage.


Message History

You closely miss the orc wizard. The orc wizard closely misses you.
You barely miss the orc wizard. The necrophage closely misses you.
The orc wizard closely misses you.
You scratch the orc wizard.
The orc wizard is lightly wounded. "Time to have some fun!"
The necrophage closely misses you.
The orc wizard hits you but does no damage.
You barely miss the orc wizard.
The orc wizard is lightly wounded.
The sixfirhy hits you but does no damage.
The sixfirhy hits you. The sixfirhy shocks you! The necrophage hits you.
You feel threatened and lose the ability to read scrolls!
The sixfirhy hits you.
The sixfirhy shocks you! "Over there now!"
The sixfirhy blinks!
The chaos spawn blinks!
The sixfirhy hits you!
* * * LOW HITPOINT WARNING * * *
The sixfirhy shocks you!
* * * LOW HITPOINT WARNING * * *
You cannot read scrolls in your current state!
Unknown command.
It was a potion of heal wounds.
You feel much better.
Xom roars with laughter!
The orc wizard hits you but does no damage.
The necrophage hits you but does no damage. "Fight to survive, mortal."
The white imp hits you but does no damage.
The orc wizard hits you but does no damage. "Suffer!"
You feel clumsy.
The white imp grinds its teeth.
The sixfirhy hits you. The sixfirhy shocks you!
* * * LOW HITPOINT WARNING * * *
The orc wizard hits you with a +0 dagger.
* * * LOW HITPOINT WARNING * * *
You feel yourself speed up. The sixfirhy hits you!
* * * LOW HITPOINT WARNING * * *
The sixfirhy shocks you!
You die...
Xom laughs nastily!

##...............#....
#...####..#...........
#............(......##
#...)......#........#
#.#........####.#..##
##...!...# #.#..#
#.454n).# .....#
#..3o4.## ##...
##.@55## #.
#.......5.#
..####..#..# #####...
##... ... ..


You could see an ice devil (summoned), a sixfirhy (summoned), a chaos spawn
(summoned), a red devil (summoned), a necrophage, an iron imp (summoned), an orc
wizard, a quasit (summoned), a white imp (summoned) and an ufetubus (summoned).

Vanquished Creatures
  A phantom (D:4)
  2 scorpions
  A water moccasin zombie (D:5)
  2 orc priests (D:5)
  2 jellies (D:4)
  2 hounds
  An orc wizard (D:4)
  A hound skeleton (D:5)
  4 adders
  2 ufetubi (D:5)
  A worm (D:3)
  8 orcs
  14 ball pythons
  2 bats (D:2)
  11 endoplasms
  3 giant cockroaches
  11 goblins
  15 hobgoblins
  18 jackals
  3 quokkas
  9 frilled lizards
  12 kobolds
  5 rats
130 creatures vanquished.

Vanquished Creatures (others)
  9 plants (Sewer)
9 creatures vanquished.

Grand Total: 139 creatures vanquished

Notes
Turn   | Place    | Note
-------+----------+-------------------------------------------
     0 | D:1      | Spaninq the Troll Chaos Knight began the quest for the Orb.
     0 | D:1      | Reached XP level 1. HP: 22/22 MP: 0/0
    63 | D:1      | Reached XP level 2. HP: 29/29 MP: 1/1
    97 | D:1      | Found Ropyos's Magic Scroll Shop.
   128 | D:1      | Found a faded altar of an unknown god.
   328 | D:1      | Reached XP level 3. HP: 36/36 MP: 2/2
   393 | D:1      | XOM: noise
   448 | D:1      | Reached skill level 4 in Unarmed Combat
   701 | D:2      | Reached XP level 4. HP: 45/45 MP: 3/3
   709 | D:2      | Got Ynav's Disquisition on Quantum Confrontation
  1332 | D:3      | XOM: stat loss: -1 Str (19/20)
  1425 | D:3      | Found a glowing drain.
  1439 | Sewer    | Entered a sewer
  2151 | Sewer    | XOM: scenery: create altars
  2264 | D:3      | XOM: divination: detect creatures
  2382 | D:3      | XOM: silly message
  2408 | D:3      | XOM: 9-stop teleportation journey
  2445 | D:3      | XOM is BORED!
  2445 | D:3      | XOM: noise
  2461 | D:3      | Found a hide-covered altar of Uskayaw.
  2657 | D:4      | Found a staircase to the Ecumenical Temple.
  2672 | D:4      | Reached skill level 5 in Unarmed Combat
  2672 | D:4      | Reached XP level 5. HP: 53/53 MP: 4/4
  2673 | Temple   | XOM: stealth player
  2673 | Temple   | Entered the Ecumenical Temple
  3003 | D:4      | Noticed a phantom
  3009 | D:4      | Killed a phantom
  3010 | D:4      | Reached XP level 6. HP: 62/62 MP: 5/5
  3034 | D:4      | Reached skill level 6 in Unarmed Combat
  3112 | D:4      | XOM: silly message
  3159 | D:4      | XOM: blink monster(s)
  3198 | D:4      | XOM: fog
  3291 | D:4      | Found a white marble altar of Elyvilon.
  3574 | D:5      | Entered Level 5 of the Dungeon
  3618 | D:5      | XOM: give mutations
  3618 | D:5      | Gained mutation: You are weak. (Str -2) [Xom's mischief]
  3618 | D:5      | Gained mutation: You sometimes lose the ability to read
                  | scrolls when taking damage. [Xom's mischief]
  3700 | D:5      | XOM: give mutation
  3700 | D:5      | Gained mutation: You are frail. (-10% HP) [Xom's mischief]
  3725 | D:5      | Reached XP level 7. HP: 62/63 MP: 6/6
  3782 | D:5      | Reached skill level 7 in Unarmed Combat
  3791 | D:5      | XOM: give mutation
  3791 | D:5      | Lost mutation: You are frail. (-10% HP) [Xom's mischief]
  3810 | D:5      | XOM: summons 4 hostile demons
  3811 | D:5      | Noticed a sixfirhy
  3811 | D:5      | Noticed a chaos spawn
  3812 | D:5      | XOM: blink monster(s)
  3814 | D:5      | XOM: summons 4 hostile demons
  3815 | D:5      | Noticed an ice devil
  3815 | D:5      | Noticed a red devil
  3815 | D:5      | XOM: stat loss: -1 Dex (9/10)
  3816 | D:5      | HP: 2/71 [sixfirhy[Xom] (10)]
  3816 | D:5      | Mangled by a sixfirhy

Illustrated notes

Levels and vault maps discovered:
D:1:      kennysheep_arrival_seaside, layout_basic,
          ebering_ecumenical_altar_webs, serial_shops, shop, minmay_tetromino_t2
D:2:      layout_basic
D:3:      layout_loops_cross, mainiacjoe_overflow_brackets,
          cheibrodos_sewer_entry_bend
D:4:      corexii_shack_village, layout_basic, lemuel_tele_altar,
          minmay_temple_entry_grid
D:5:      layout_cave_pools, gammafunk_temple_overflow_elements,
          nzn_random_ring, uniq_crazy_yiuf_cottage
Temple:   nicolae_temple_great_sept

Skill      XL: |  1  2  3  4  5  6  7 |
---------------+----------------------+-----
Unarmed Combat | 4 5 6 7 |  7.2
Fighting       | 3 4 |  4.5
Dodging        | |  1.9

Action                   |  1- 3 |  4- 6 |  7- 9 || total
-------------------------+-------+-------+-------++-------
Melee: Unarmed           |    97 |   234 |    24 ||   355
       Punch             |     2 |     3 |     1 ||     6
  Use: Scroll            |       |    16 |       ||    16
       Potion            |       |     2 |     3 ||     5
 Stab: Sleeping          |       |     1 |       ||     1
Armor: Robe              |    36 |    72 |    13 ||   121
Dodge: Dodged            |    38 |    85 |    12 ||   135

Table legend: (Time is in decaauts)
 A = Elapsed time spent in this place.
 B = Non-inter-level travel time spent in this place.
 C = Inter-level travel time spent in this place.
 D = Time resting spent in this place.
 E = Time spent auto-exploring this place.
 F = Levels seen in this place.
 G = Mean time per level.
                   A        B        C        D        E       F      G
               +--------+--------+--------+--------+--------+-----+--------+
         Total |   3968 |   3858 |    110 |      0 |   2513 |   7 |  566.9 |
       Dungeon |   2962 |   2864 |     98 |      0 |   1977 |   5 |  592.4 |
        Temple |     80 |     68 |     12 |      0 |     67 |   1 |   80.0 |
         Sewer |    925 |    925 |      0 |      0 |    468 |   1 |  925.0 |
               +--------+--------+--------+--------+--------+-----+--------+

Top non-repeatable levels by time:
   Sewer: 925 daAuts
     D:4: 829 daAuts
     D:3: 683 daAuts
     D:2: 618 daAuts
     D:1: 594 daAuts
     D:5: 236 daAuts
  Temple: 80 daAuts
